AoeStats
← fritzy1712

Golden Pit

509653703Analyzed
1v1 RM · 4d ago on Sep 27, 2026· 28m 5s· 2 players
Game mode
Random Map
Map size
Tiny (2 player)
Population
200
Speed
Normal
Resources
Standard
Victory
Conquest
Starting age
Dark Age
Ending age
Imperial Age
RankedLock teamsTeams togetherTeam positionsShared explorationLock speedFull tech treeHidden civsTurbo modeCheats
Victory
Defeat
🇫🇷 Ethiopians · France
797
+17
🇨🇭 Teutons · Switzerland
809
-17
tontonkuk
5:43 Loom
9:13 Feudal Age
15:33 Fletching
fritzy1712
2:04 Loom
10:27 Feudal Age
9:25 Loom
11:10 Double-Bit Axe
11:37 Man-at-Arms
Connection lost

Rejoining the realm…

Still unreachable

The connection could not be restored.

Session expired

The server has moved on; the page needs a fresh start.